BSA
LOS CABOS CARTEL @ PLYMOUTH ROCKS
03/14/2024
 
TOP OF THE 1ST
Los Cabos Cartel batting - Pitching for Plymouth Rocks : LHP Carl Lewis
Pitching: LHP Carl Lewis
Batting: RHB Sam Wallace 0-0: Ball
1-0: Swinging Strike
1-1: Fly out, F8 (Line Drive, 8RD)
Batting: SHB Julián Madrid 0-0: Ball
1-0: Ball
2-0: Called Strike
2-1: Swinging Strike
2-2: Foul Ball, location: 2F
2-2: Foul Ball, location: 2F
2-2: Foul Ball, location: 2F
2-2: Strikes out swinging
Batting: RHB Oliver Lugo 0-0: Ground out 6-3 (Groundball, 6M)
Top of the 1st over - 0 run(s), 0 hit(s), 0 error(s), 0 left on base; Los Cabos 0 - Plymouth 0
BOTTOM OF THE 1ST
Plymouth Rocks batting - Pitching for Los Cabos Cartel : LHP Francisco Pérez
Pitching: LHP Francisco Pérez
Batting: RHB Frederico Hernández 0-0: Called Strike
0-1: Called Strike
0-2: Ball
1-2: Ground out 5-3 (Groundball, 5)
Batting: RHB António Zúńiga 0-0: Ball
1-0: Swinging Strike
1-1: Ball
2-1: Foul Ball, location: 2F
2-2: Ball
3-2: Ground out 1-3 (Groundball, 15S)
Batting: LHB Justino Salas 0-0: Ball
1-0: Ball
2-0: Ball
3-0: Called Strike
3-1: Foul Ball, location: 2F
3-2: Strikes out swinging
Bottom of the 1st over - 0 run(s), 0 hit(s), 0 error(s), 0 left on base; Los Cabos 0 - Plymouth 0
TOP OF THE 2ND
Los Cabos Cartel batting - Pitching for Plymouth Rocks : LHP Carl Lewis
Batting: LHB Luis González 0-0: Ball
1-0: Ball
2-0: Called Strike
2-1: Called Strike
2-2: Foul Ball, location: 2F
2-2: Fly out, F7 (Flyball, 78XD)
Batting: RHB Oliver Hernández 0-0: Ball
1-0: Ball
2-0: Called Strike
2-1: Foul Ball, location: 2F
2-2: Strikes out swinging
Batting: RHB Michael Barraclough 0-0: Called Strike
0-1: Foul Ball, location: 2F
0-2: Ball
1-2: Strikes out looking
Top of the 2nd over - 0 run(s), 0 hit(s), 0 error(s), 0 left on base; Los Cabos 0 - Plymouth 0
BOTTOM OF THE 2ND
Plymouth Rocks batting - Pitching for Los Cabos Cartel : LHP Francisco Pérez
Batting: LHB John Doby 0-0: Ball
1-0: Ball
2-0: Ground out U3 (Groundball, 3S)
Batting: SHB Jack Fountain 0-0: Ball
1-0: Ball
2-0: Called Strike
2-1: Ball
3-1: Base on Balls
Batting: RHB Dexter Potter 0-0: Ball
1-0: SINGLE (Line Drive, 6D)
Jack Fountain to second
Batting: RHB Júlio Negrón 0-0: Called Strike
0-1: Called Strike
0-2: Strikes out swinging
Batting: RHB Guo-xiu Hsueh 0-0: Ball
1-0: Swinging Strike
1-1: Foul Ball, location: 2F
1-2: Ball
2-2: Ball
3-2: Foul Ball, location: 2F
3-2: Foul Ball, location: 2F
3-2: Strikes out swinging
Bottom of the 2nd over - 0 run(s), 1 hit(s), 0 error(s), 2 left on base; Los Cabos 0 - Plymouth 0
TOP OF THE 3RD
Los Cabos Cartel batting - Pitching for Plymouth Rocks : LHP Carl Lewis
Batting: RHB Dan Mason 0-0: Hit by Pitch
Batting: LHB Willie Wallace 0-0: Called Strike
0-1: Ball
1-1: Swinging Strike
1-2: Ground out U3 (Groundball, 3S)
Dan Mason to second
Batting: RHB António Magana 0-0: Called Strike
0-1: Called Strike
0-2: Fly out, F6 (Line Drive, 6D)
Batting: RHB Sam Wallace 0-0: Foul Ball, location: 2F
0-1: Ground out 4-3 (Groundball, 4)
Top of the 3rd over - 0 run(s), 0 hit(s), 0 error(s), 1 left on base; Los Cabos 0 - Plymouth 0
BOTTOM OF THE 3RD
Plymouth Rocks batting - Pitching for Los Cabos Cartel : LHP Francisco Pérez
Batting: RHB Millard Boyd 0-0: Called Strike
0-1: Called Strike
0-2: Ball
1-2: Ball
2-2: Foul Ball, location: 2F
2-2: SINGLE (Line Drive, 7S)
Batting: RHB Frederico Hernández 0-0: Ball
1-0: Swinging Strike
1-1: Ball
2-1: Called Strike
2-2: Ball
3-2: Strikes out swinging
Batting: RHB António Zúńiga 0-0: Called Strike
0-1: Ball
1-1: Ball
2-1: Called Strike
2-2: Foul Ball, location: 2F
2-2: Ball
3-2: Base on Balls
Millard Boyd to second
Batting: LHB Justino Salas 0-0: Ball
1-0: Ball
2-0: Called Strike
2-1: Ball
3-1: Called Strike
3-2: Strikes out swinging
Batting: LHB John Doby 0-0: Called Strike
0-1: Ground out 4-3 (Groundball, 34)
Bottom of the 3rd over - 0 run(s), 1 hit(s), 0 error(s), 2 left on base; Los Cabos 0 - Plymouth 0
TOP OF THE 4TH
Los Cabos Cartel batting - Pitching for Plymouth Rocks : LHP Carl Lewis
Batting: SHB Julián Madrid 0-0: Called Strike
0-1: Called Strike
0-2: Ground out 5-3 (Groundball, 5L)
Batting: RHB Oliver Lugo 0-0: Ball
1-0: Ball
2-0: Called Strike
2-1: Ground out 4-3 (Groundball, 4)
Batting: LHB Luis González 0-0: Fly out, F9 (Flyball, 9D)
Top of the 4th over - 0 run(s), 0 hit(s), 0 error(s), 0 left on base; Los Cabos 0 - Plymouth 0
BOTTOM OF THE 4TH
Plymouth Rocks batting - Pitching for Los Cabos Cartel : LHP Francisco Pérez
Batting: SHB Jack Fountain 0-0: Swinging Strike
0-1: Ball
1-1: Swinging Strike
1-2: Ball
2-2: Strikes out swinging
Batting: RHB Dexter Potter 0-0: Foul Ball, location: 2F
0-1: SINGLE (Groundball, 56D)
Batting: RHB Júlio Negrón 0-0: Swinging Strike
0-1: Swinging Strike
0-2: Strikes out swinging
Batting: RHB Guo-xiu Hsueh 0-0: Called Strike
0-1: Ball
1-1: Ground out 6-3 (Groundball, 6)
Bottom of the 4th over - 0 run(s), 1 hit(s), 0 error(s), 1 left on base; Los Cabos 0 - Plymouth 0
TOP OF THE 5TH
Los Cabos Cartel batting - Pitching for Plymouth Rocks : LHP Carl Lewis
Pitching: RHP Erik Estes
Batting: RHB Oliver Hernández 0-0: Ball
1-0: Fly out, F8 (Flyball, 8LS)
Batting: RHB Michael Barraclough 0-0: Ball
1-0: Called Strike
1-1: Ball
2-1: Ball
3-1: Swinging Strike
3-2: SOLO HOME RUN (Line Drive, 7LD), Distance : 365 ft
Batting: RHB Dan Mason 0-0: Called Strike
0-1: Called Strike
0-2: Ball
1-2: Foul Ball, location: 2F
1-2: Foul Ball, location: 2F
1-2: Ball
2-2: Foul Ball, location: 2F
2-2: Strikes out looking
Batting: LHB Willie Wallace 0-0: Ball
1-0: Called Strike
1-1: Swinging Strike
1-2: Foul Ball, location: 2F
1-2: Ball
2-2: Ball
3-2: Strikes out looking
Top of the 5th over - 1 run(s), 1 hit(s), 0 error(s), 0 left on base; Los Cabos 1 - Plymouth 0
BOTTOM OF THE 5TH
Plymouth Rocks batting - Pitching for Los Cabos Cartel : LHP Francisco Pérez
Pitching: RHP Raúl Flores
Batting: RHB Millard Boyd 0-0: Ball
1-0: Ball
2-0: Ball
3-0: Called Strike
3-1: Base on Balls
Batting: RHB Frederico Hernández 0-0: Ball
1-0: Called Strike
1-1: Fly out, F9 (Popup, 4D)
Batting: RHB António Zúńiga 0-0: Ball
1-0: SINGLE (Groundball, 5L) (infield hit)
Millard Boyd to second
Batting: LHB Justino Salas 0-0: Swinging Strike
0-1: Called Strike
0-2: Ball
1-2: Foul Ball, location: 2F
1-2: Ball
2-2: Foul Ball, location: 2F
2-2: Strikes out swinging
Batting: LHB John Doby 0-0: Ball
1-0: Called Strike
1-1: Called Strike
1-2: Ball
2-2: Hit by Pitch
Millard Boyd to third
António Zúńiga to second
Batting: SHB Jack Fountain 0-0: Swinging Strike
0-1: Ball
1-1: DOUBLE (Line Drive, 9LD)
Millard Boyd scores
António Zúńiga scores
John Doby to third
Batting: RHB Dexter Potter 0-0: Ball
1-0: Called Strike
1-1: Ball
2-1: Swinging Strike
2-2: Ball
3-2: Strikes out swinging
Bottom of the 5th over - 2 run(s), 2 hit(s), 0 error(s), 2 left on base; Los Cabos 1 - Plymouth 2
TOP OF THE 6TH
Los Cabos Cartel batting - Pitching for Plymouth Rocks : RHP Erik Estes
Batting: RHB António Magana 0-0: Ball
1-0: Called Strike
1-1: Ground out 5-3 (Groundball, 56)
Batting: RHB Sam Wallace 0-0: Called Strike
0-1: Ball
1-1: Foul Ball, location: 2F
1-2: Strikes out swinging
Batting: SHB Julián Madrid 0-0: Foul Ball, location: 2F
0-1: Ball
1-1: Called Strike
1-2: Strikes out swinging
Top of the 6th over - 0 run(s), 0 hit(s), 0 error(s), 0 left on base; Los Cabos 1 - Plymouth 2
BOTTOM OF THE 6TH
Plymouth Rocks batting - Pitching for Los Cabos Cartel : RHP Raúl Flores
Batting: RHB Júlio Negrón 0-0: Ball
1-0: Ball
2-0: Foul Ball, location: 2F
2-1: Ball
3-1: Ground out 5-3 (Groundball, 56S)
Batting: RHB Guo-xiu Hsueh 0-0: Ball
1-0: Ground out 5-3 (Groundball, 56)
Batting: RHB Millard Boyd 0-0: Called Strike
0-1: Ball
1-1: Ground out 4-3 (Groundball, 4)
Bottom of the 6th over - 0 run(s), 0 hit(s), 0 error(s), 0 left on base; Los Cabos 1 - Plymouth 2
TOP OF THE 7TH
Los Cabos Cartel batting - Pitching for Plymouth Rocks : RHP Erik Estes
Pitching: RHP Felipe Reyes
Batting: RHB Oliver Lugo 0-0: Ball
1-0: SOLO HOME RUN (Flyball, 7D), Distance : 392 ft
Pitching: LHP Scott Hill
Pinch Hitting: RHB Yasuhiro Kobayashi 0-0: Ball
1-0: Called Strike
1-1: Ball
2-1: Ground out 5-3 (Groundball, 5)
Pitching: RHP Octávio Morín
Batting: RHB Oliver Hernández 0-0: Swinging Strike
0-1: Called Strike
0-2: Foul Ball, location: 2F
0-2: Ball
1-2: Ball
2-2: Fly out, F7 (Flyball, 7M)
Batting: RHB Michael Barraclough 0-0: Ball
1-0: Called Strike
1-1: Ground out 5-3 (Groundball, 5S)
Top of the 7th over - 1 run(s), 1 hit(s), 0 error(s), 0 left on base; Los Cabos 2 - Plymouth 2
BOTTOM OF THE 7TH
Plymouth Rocks batting - Pitching for Los Cabos Cartel : RHP Raúl Flores
Pitching: LHP Michael Manning
Now at 3B: Yasuhiro Kobayashi
Pinch Hitting: RHB Jorge Vázquez 0-0: Ground out 5-3 (Groundball, 56)
Pinch Hitting: RHB Richard Coker 0-0: Ball
1-0: Ball
2-0: Called Strike
2-1: Ground out 4-3 (Groundball, 34)
Pinch Hitting: RHB Liangde Que 0-0: Called Strike
0-1: SINGLE (Line Drive, 6D)
Batting: RHB Kelly Owens 0-0: Ball
1-0: Called Strike
1-1: Called Strike
1-2: Ball
2-2: Ball
3-2: Strikes out swinging
Bottom of the 7th over - 0 run(s), 1 hit(s), 0 error(s), 1 left on base; Los Cabos 2 - Plymouth 2
TOP OF THE 8TH
Los Cabos Cartel batting - Pitching for Plymouth Rocks : RHP Octávio Morín
Now at 1B: Jorge Vázquez
Now in LF: Pedro Gonzáles
Now in RF: Andrés Lara
Pinch Hitting: LHB Manny Quińones 0-0: Called Strike
0-1: Ball
1-1: Foul Ball, location: 2F
1-2: Ball
2-2: Ball
3-2: Fly out, F8 (Flyball, 8LS)
Batting: LHB Willie Wallace 0-0: Swinging Strike
0-1: Ball
1-1: Ball
2-1: Fly out, F7 (Flyball, 7M)
Batting: RHB António Magana 0-0: Foul Ball, location: 2F
0-1: Ball
1-1: Ground out 5-3 (Groundball, 5L)
Top of the 8th over - 0 run(s), 0 hit(s), 0 error(s), 0 left on base; Los Cabos 2 - Plymouth 2
BOTTOM OF THE 8TH
Plymouth Rocks batting - Pitching for Los Cabos Cartel : LHP Michael Manning
Now in LF: Wilbert Rodgers
Pinch Hitting: LHB Frank Geddes 0-0: Called Strike
0-1: Ground out 6-3 (Groundball, 6M)
Batting: RHB Dexter Potter 0-0: Ball
1-0: Foul Ball, location: 2F
1-1: Foul Ball, location: 2F
1-2: SOLO HOME RUN (Flyball, 7D), Distance : 397 ft
Pinch Hitting: LHB Robert Phillips 0-0: Hit by Pitch
Pinch Hitting: RHB Jack Ray 0-0: Called Strike
0-1: Ball
1-1: Foul Ball, location: 2F
1-2: Foul Ball, location: 2F
1-2: Ball
2-2: Fly out, F9 (Line Drive, 9LD)
Pinch Hitting: RHB Alberto Ramos 0-0: Called Strike
0-1: Fly out, F4 (Popup, 4M)
Bottom of the 8th over - 1 run(s), 1 hit(s), 0 error(s), 1 left on base; Los Cabos 2 - Plymouth 3
TOP OF THE 9TH
Los Cabos Cartel batting - Pitching for Plymouth Rocks : RHP Octávio Morín
Pitching: RHP Pepe Vázquez
Now at 2B: Alberto Ramos
Now at 3B: Pete Weber
Now at SS: Freddy Padilla
Now in LF: Robert Phillips
Pinch Hitting: RHB Stephen Wilson 0-0: Fly out, F7 (Flyball, 78D)
Batting: SHB Julián Madrid 0-0: Ball
1-0: Ground out 4-3 (Groundball, 4)
Pinch Hitting: LHB Marc Brown 0-0: Ground out 5-3 (Groundball, 56)
Top of the 9th over - 0 run(s), 0 hit(s), 0 error(s), 0 left on base; Los Cabos 2 - Plymouth 3
This league is powered by Out of the Park Baseball, the baseball management simulation game for PC, Mac and Linux
Saturday, April 9th, 2016 - OOTP Baseball 16.8 Build 38